 Dungeon Crawl Stone Soup version 0.22-a0-322-g60b3cfd (webtiles) character file.

561 Anon1729 the Gusty (level 7, -1/46 HPs)
             Began as a Demonspawn Air Elementalist on Apr 5, 2018.
             Succumbed to a scorpion's poison
             ... on level 4 of the Dungeon.
             The game lasted 00:09:42 (3963 turns).

Anon1729 the Gusty (Demonspawn Air Elementalist)    Turns: 3963, Time: 00:09:43

Health: -1/46      AC:  7    Str:  8    XL:     7   Next: 9%
Magic:  0/12       EV: 13    Int: 19    God:
Gold:   144        SH:  0    Dex: 13    Spells: 6/13 levels left

rFire    . . .     SeeInvis .   b - +0 short sword
rCold    . . .     Gourm    .   (no shield)
rNeg     . . .     Faith    .   a - +0 robe
rPois    .         Spirit   +   (no helmet)
rElec    .         Reflect  .   (no cloak)
rCorr    .         Harm     .   (no gloves)
MR       .....                  m - +0 pair of boots
Stlth    ++........             (no amulet)
HPRegen  0.15/turn              (no ring)
MPRegen  0.13/turn              (no ring)

@: lethally poisoned (-1 -> -31)
A: hooves 1, iridescent scales 2, powered by death 2, magic shield
a: no special abilities


You were on level 4 of the Dungeon.
You were not hungry.

You visited 1 branch of the dungeon, and saw 4 of its levels.

You collected 144 gold pieces.

Inventory:

Hand Weapons
 b - a +0 short sword (weapon)
 l - a +0 dagger
Armour
 a - a +0 robe (worn)
 m - a +0 pair of boots (worn)
 s - the +2 leather armour of the Unbroken {rN+, unknown}
   (You found it on level 4 of the Dungeon)

   It protects you from negative energy.
Jewellery
 u - a +5 ring of intelligence {unknown}
Scrolls
 d - 4 scrolls of identify {unknown}
 e - a scroll of teleportation {unknown}
 f - 3 scrolls of immolation {unknown}
 g - 2 scrolls of fear {unknown}
 i - 2 scrolls of random uselessness {unknown}
 k - 2 scrolls of magic mapping {unknown}
 o - 2 scrolls of remove curse {unknown}
 p - a scroll of enchant armour {unknown}
Potions
 h - 7 potions of curing {unknown}
 j - a potion of degeneration {unknown}
 n - a potion of cancellation {unknown}
 q - a potion of ambrosia {unknown}
 t - a potion of flight {unknown}
Comestibles
 c - 6 rations
 r - a chunk of flesh


   Skills:
 + Level 0.3 Armour
 + Level 3.3 Dodging
 + Level 3.6 Stealth
 * Level 3.6 Spellcasting
 * Level 3.3 Conjurations
 + Level 0.3 Charms
 * Level 4.1 Air Magic


You had 6 spell levels left.
You knew the following spells:

 Your Spells              Type           Power        Failure   Level  Hunger
a - Shock                 Conj/Air       ###.         3%          1    None
b - Swiftness             Chrm/Air       ##......     9%          2    ##.....
c - Airstrike             Air            ###.......   26%         4    ####...


Dungeon Overview and Level Annotations

Branches:
Dungeon (4/15)
 Temple: D:4-7

Altars:
Nemelex Xobeh


Innate Abilities, Weirdness & Mutations

You have large cloven feet.
You are mostly covered in iridescent scales. (AC +4)
You regenerate health from kills.
When hurt, damage is shared between your health and your magic reserves.


Message History

You hit the scorpion but do no damage.
The scorpion is lightly wounded.
* * * LOW HITPOINT WARNING * * *
You feel sick. The scorpion stings you.
* * * LOW HITPOINT WARNING * * *
You closely miss the scorpion.
The scorpion is lightly wounded.
* * * LOW HITPOINT WARNING * * *
You feel sick.
The scorpion stings you but does no damage.
You closely miss the scorpion.
The scorpion is lightly wounded.
* * * LOW HITPOINT WARNING * * *
You feel sick. The scorpion stings you!
* * * LOW HITPOINT WARNING * * *
You are more poisoned.
The scorpion poisons you!
You barely miss the scorpion.
The scorpion is lightly wounded.
You die...

#.# #(#
.....# #.#
....?# #.#
#...... #.#
#..!..##
#.# ....[.#
#.#
###....###
#.#
###.......#
#.#
#...@s....#
#.#
#.#.......#
#.#
#.###.[.###
#.. #.#
...# ##.
#.# #.##
##. #.# ..
#..
#.#########
#..
#.....)...#
#..
#########.#
##.


You could see a scorpion.

Vanquished Creatures
  The ghost of KristoblXynda the Slasher, an amateur DrGl (D:4)
  2 scorpions (D:4)
  A jelly (D:4)
  A hound (D:4)
  2 orc priests
  2 orc wizards
  A howler monkey skeleton (D:4)
  5 adders
  An adder skeleton (D:4)
  2 worms
  10 orcs
  A ball python (D:3)
  4 giant cockroaches
  4 hobgoblins
  10 jackals
  5 kobolds
  2 quokkas
  6 bats
  3 frilled lizards
  4 goblins
  A jackal zombie (D:4)
  A leopard gecko skeleton (D:4)
  11 rats
80 creatures vanquished.

Vanquished Creatures (others)
  An orc wizard (D:4)
1 creature vanquished.

Grand Total: 81 creatures vanquished

Notes
Turn   | Place    | Note
-------+----------+-------------------------------------------
     0 | D:1      | Anon1729 the Demonspawn Air Elementalist began the quest for the Orb.
     0 | D:1      | Reached XP level 1. HP: 13/13 MP: 3/3
   368 | D:1      | Gained mutation: You regenerate a little health from kills. [demonic ancestry]
   368 | D:1      | Reached XP level 2. HP: 17/19 MP: 1/5
   941 | D:2      | Gained mutation: You are partially covered in iridescent scales. (AC +2) [demonic ancestry]
   941 | D:2      | Reached XP level 3. HP: 21/24 MP: 6/6
   946 | D:2      | Reached skill level 3 in Air Magic
  2005 | D:3      | Gained mutation: You are mostly covered in iridescent scales. (AC +4) [demonic ancestry]
  2005 | D:3      | Reached XP level 4. HP: 28/30 MP: 0/7
  2056 | D:3      | Found a sparkling altar of Nemelex Xobeh.
  2626 | D:3      | Gained mutation: You have large cloven feet. [demonic ancestry]
  2626 | D:3      | Reached XP level 5. HP: 17/35 MP: 0/9
  2877 | D:4      | Noticed KristoblXynda's ghost (amateur DrGl)
  3005 | D:4      | Learned a level 2 spell: Swiftness
  3010 | D:4      | Learned a level 4 spell: Airstrike
  3077 | D:4      | Killed KristoblXynda's ghost
  3077 | D:4      | Gained mutation: You regenerate health from kills. [demonic ancestry]
  3077 | D:4      | Reached XP level 6. HP: 10/41 MP: 0/10
  3530 | D:4      | Reached skill level 4 in Air Magic
  3605 | D:4      | Got a jewelled leather armour
  3666 | D:4      | Gained mutation: When hurt, damage is shared between your health and your magic reserves. [demonic ancestry]
  3666 | D:4      | Reached XP level 7. HP: 46/46 MP: 5/12
  3962 | D:4      | HP: 1/46 [scorpion (4)]
  3963 | D:4      | Succumbed to a scorpion's poison

Vault maps used:
D:1:      minmay_arrival_split_and_join
D:3:      lemuel_crystal_altar, first_ration

Skill      XL: |  1  2  3  4  5  6 |
---------------+-------------------+-----
Stealth        | 2 3 |  3.6
Dodging        | 2 3 |  3.3
Air Magic      | 3 4 |  4.1
Conjurations   | 2 3 |  3.3
Spellcasting   | 3 |  3.6
Armour         | |  0.3
Charms         | |  0.3

Action                   |  1- 3 |  4- 6 |  7- 9 || total
-------------------------+-------+-------+-------++-------
Melee: Unarmed           |     8 |       |       ||     8
       Short sword       |    70 |    52 |    46 ||   168
 Cast: Shock             |    67 |    79 |     5 ||   151
 Stab: Sleeping          |     5 |     3 |     3 ||    11
  Eat: Chunk             |     4 |     2 |     1 ||     7
       Ration            |       |     1 |       ||     1
Armor: Robe              |    42 |    33 |    10 ||    85
Dodge: Dodged            |    85 |    64 |    26 ||   175

Table legend:
 A = Spawn XP
 B = Non-spawn XP
 C = Spawn XP percentage of total XP
 D = Spawn monster count
 E = Non-spawn monster count
 F = Spawn count percentage of total count
 G = Total turns spent on level
                    A         B        C        D         E        F      G
               +---------+---------+-------+---------+---------+-------+---------
         Total |       0 |     802 |   0.0 |       0 |      81 |   0.0 |  3963
               +---------+---------+-------+---------+---------+-------+---------
           D:1 |       0 |      22 |   0.0 |       0 |      14 |   0.0 |   865
           D:2 |       0 |      57 |   0.0 |       0 |      20 |   0.0 |   775
           D:3 |       0 |     146 |   0.0 |       0 |      23 |   0.0 |  1144
           D:4 |       0 |     577 |   0.0 |       0 |      24 |   0.0 |  1179
               +---------+---------+-------+---------+---------+-------+---------
